Unix NetHack Version 5.0.0-0 post-release - last build Jul 14 2026 02:55:29 (1809b74e8187c3a3585e283601c3028b46cbbdcb,branch:main).

Game began 2026-07-15 20:59:39, ended 2026-07-15 21:56:11.

Anarchos, lawful female dwarven Valkyrie

  -------                              ----------
  |.>..f%)o###@@                       |..<.....|               ------------
  |.....|                              |........|              #..`...(....|
  |.\...|     -----                    |........|              #|{.........|
  |....[|     |...|                    |........|              #|..........|
  |..(...#####|...|                    |........-#             #--|---------
  -----#-    #.....######              ----.--#--#             #  #
            ##|...|     #                  #    ##           ###  ###
             #-----     ##              ####    #            #      ##
                         #             ##       #            #       #
                         #           ###        #            #       ####
                         ###       ###          #            #      ----|---
                           #    ---|------      #----------- #      |......|
                           #    |........|      #|.........| ###    |......|
                           #####|........|      #-..........## #####|..<...|
                               #|........|       |.........|        --------
                               #-........|       -----------
                                ----------

Anarchos the Fighter        St:18 Dx:11 Co:17 In:9 Wi:9 Ch:10  Lawful
Dlvl:6  $:10 HP:0(63) Pw:6(6) AC:10 Xp:6 T:2892 

Latest messages:
 You miss the bugbear.
 The bugbear hits!
 The Elvenking shoots 6 elven arrows!
 The 1st elven arrow misses the hobgoblin.
 The 1st elven arrow hits the bugbear.
 The 2nd elven arrow hits the hobgoblin.
 The hobgoblin is killed!
 The 3rd elven arrow misses the bugbear.
 You are hit by the 3rd elven arrow!
 The 4th elven arrow misses the bugbear.
 You are hit by the 4th elven arrow!
 The 5th elven arrow hits the bugbear.
 The 6th elven arrow hits the bugbear!
 The bugbear is killed!
 The Elvenking throws an elven dagger!
 An elven dagger misses you.
 You hear some noises in the distance.
 You hear some noises.
 The hobgoblin picks up an orcish helm.
 You hear some noises in the distance.
 The kobold shaman reads a scroll labeled PRATYAVAYAH!
 The kobold shaman vanishes!
 The Elvenking picks up an elven arrow.
 Your kitten eats a hobgoblin corpse.
 The goblin picks up an orcish dagger.
 The hobgoblin throws an elven dagger!
 You are hit by an elven dagger!
 The Elvenking shoots 2 elven arrows!
 It is missed.
 You are hit by the 1st elven arrow!
 The hobgoblin is hit!
 The hobgoblin is killed!
 What do you want to throw? [$EIMZ or ?*] ?
 Never mind.
 What do you want to zap? [i or ?*] ?
 What do you want to zap? [i or ?*] i
 In what direction? 4
 The goblin throws an orcish dagger!
 The Elvenking is hit.
 The Elvenking wields an elven short sword!
 What do you want to zap? [i or ?*] i
 In what direction? .
 You hit the Elvenking!
 The Elvenking thrusts his elven short sword.
 The Elvenking hits!
 The Elvenking thrusts his elven short sword.
 The Elvenking hits again!
 You die...
 Do you want your possessions identified? [ynq] (y) y
 Do you want to see your attributes? [ynq] (y) q

Inventory:
 Coins    ('$')
  $ - 10 gold pieces
 Amulets  ('"')
  R - an uncursed amulet of guarding
 Weapons  (')')
  a - a rusty +0 dwarvish spear (weapon in right hand)
  I - 2 +0 orcish daggers
  M - a +0 axe
  E - a +0 morning star
  Z - a +0 scimitar
 Armor    ('[')
  B - an uncursed +0 orcish helm
  X - an uncursed +0 orcish helm
  U - an uncursed rusty +0 orcish helm (being worn)
  c - an uncursed burnt +0 small shield (being worn)
 Comestibles  ('%')
  O - 2 uncursed cream pies
  d - 3 uncursed food rations
  A - 2 uncursed lembas wafers
  H - 2 uncursed oranges
  z - an uncursed pear
  q - an uncursed tin of pickled giant rat meat
  p - an uncursed tin of szechuan newt meat
  j - an uncursed lichen corpse
  V - an uncursed violet fungus corpse
 Scrolls  ('?')
  e - an uncursed scroll of blank paper
  J - an uncursed scroll of blank paper
  N - an uncursed scroll of blank paper
 Spellbooks  ('+')
  g - an uncursed spellbook of blank paper
  v - an uncursed spellbook of blank paper
 Potions  ('!')
  k - an uncursed potion of water
  m - an uncursed potion of water
  D - an uncursed potion of water
  T - an uncursed potion of water
 Rings    ('=')
  P - an uncursed ring of free action
  S - an uncursed ring of teleport control (on right hand)
  y - an uncursed ring of warning (on left hand)
 Wands    ('/')
  i - a wand of cancellation (0:2)
 Tools    ('(')
  F - an uncursed sack containing 1 item
  Y - a magic marker (0:0)
  n - an uncursed skeleton key
  w - an uncursed tin whistle
 Gems/Stones  ('*')
  l - an uncursed amethyst stone
  W - 2 uncursed jade stones
  o - 2 uncursed jasper stones
  s - an uncursed worthless piece of red glass
  h - 2 uncursed worthless pieces of yellowish brown glass

Contents of the sack:
  a wand of create monster (0:11)

Anarchos the Valkyrie's attributes:

Background:
 You were a Fighter, a level 6 dwarven Valkyrie.
 You were lawful, on a mission for Tyr
 who was opposed by Odin (neutral) and Loki (chaotic).
 You were right-handed.
 You were in the Dungeons of Doom, on level 6.
 You entered the dungeon 2892 turns ago.
 There was a new moon in effect when your adventure ended.
 You had 335 experience points, 305 more were needed to attain level 7.

Basics:
 You had 0 out of 63 hit points.
 You had all 6 energy points (spell power).
 Your armor class was 10.
 Your wallet contained 10 zorkmids.
 Autopickup was on for all types.

Final Characteristics:
 Your strength was 18 (limit:18/100).
 Your dexterity was 11 (limit:20).
 Your constitution was 17 (limit:20).
 Your intelligence was 9 (limit:16).
 Your wisdom was 9 (limit:16).
 Your charisma was 10 (limit:16).

Final Status:
 You weren't hungry.
 You were unencumbered.
 You were wielding a spear.
 You had basic skill with spear and could have enhanced that.

Final Attributes:
 You were piously aligned.
 You were cold resistant.
 You were warned.
 You had infravision.
 You were stealthy.
 You had teleport control.
 You are dead.

Miscellaneous:
 You didn't encounter any bones levels.
 Total elapsed playing time was 56 minutes and 32 seconds.

Major events:
 Turn
    1: Anarchos the lawful dwarven Valkyrie entered the dungeon
  734: attained the rank of Skirmisher (level 3)
 1525: entered the Gnomish Mines
 2875: attained the rank of Fighter (level 6)
 2892: killed by an Elvenking

You didn't know any spells.

Skills:
 Fighting Skills
   bare handed combat [Unskilled]
   two weapon combat  [Unskilled]
   riding             [Unskilled]
 Weapon Skills
   dagger             [Basic]
   axe                [Unskilled]
   pick-axe           [Unskilled]
   short sword        [Unskilled]
   broadsword         [Unskilled]
   long sword         [Unskilled]
   two-handed sword   [Unskilled]
   saber              [Unskilled]
   hammer             [Unskilled]
   quarterstaff       [Unskilled]
   polearms           [Unskilled]
   spear              [Basic]
   trident            [Unskilled]
   lance              [Unskilled]
   sling              [Unskilled]
 Spellcasting Skills
   attack spells      [Unskilled]
   escape spells      [Unskilled]

Voluntary challenges:
 Character rerolling was not enabled.
 You never genocided any monsters.
 You never polymorphed an object.
 You never changed form.
 You used no wishes.
Achievements:
 You entered a shop.
 You attained the rank of Skirmisher.
 You entered the Gnomish Mines.
 You attained the rank of Fighter.

 The Dungeons of Doom: levels 1 to 6
    Level 1:
    Level 2:
       An altar to Tyr.
    Level 3:
       A general store, a fountain.
    Level 4:
       Stairs down to The Gnomish Mines.
    Level 5:
       Many fountains.
    Level 6: <- You were here.
       A throne, a sink.
       Final resting place for
          you, killed by an Elvenking.
 The Gnomish Mines: levels 5 to 7
    Level 5:
    Level 7:


Vanquished creatures:
  a dingo
  a human zombie
  5 bugbears
  a shrieker
  a violet fungus
  a gray ooze
  a homunculus
  3 kobold leaders
  a kobold shaman
  3 hill orcs
  a rabid rat
  a centipede
  4 iguanas
  a coyote
  a gas spore
  2 large kobolds
  6 hobgoblins
  3 yellow molds
  a red mold
  6 gnomes
  3 geckos
  2 jackals
  4 goblins
  3 sewer rats
  a grid bug
  2 bats
  2 lichens
  2 kobold zombies
  6 newts
69 creatures vanquished.

No species were genocided or became extinct.

Game over:
                       ----------
                      /          \
                     /    REST    \
                    /      IN      \
                   /     PEACE      \
                  /                  \
                  |     Anarchos     |
                  |      10 Au       |
                  |   killed by an   |
                  |    Elvenking     |
                  |                  |
                  |                  |
                  |       2026       |
                 *|     *  *  *      | *
        _________)/\\_//(\/(/\)/\//\/|_)_______

Farvel Anarchos the Valkyrie...

You died in The Dungeons of Doom on dungeon level 6 with 1689 points,
and 10 pieces of gold, after 2892 moves.
You were level 6 with a maximum of 63 hit points when you died.

